 Dungeon Crawl Stone Soup version 0.30.0-29-ga12c61a403 (webtiles) character file.

Game seed: 641621758064100976

247 H0rd4k the Charlatan (level 6, -1/46 HPs)
             Began as a Human Artificer on June 23, 2023.
             Slain by an adder (3 damage)
             ... on level 4 of the Dungeon.
             The game lasted 00:03:05 (1893 turns).

H0rd4k the Charlatan (Human Artificer)              Turns: 1893, Time: 00:03:06

Health: -1/46      AC:  3    Str: 12    XL:     6   Next: 33%
Magic:  6/6        EV: 12    Int: 21    God:
Gold:   175        SH:  0    Dex: 13    Spells: 5/5 levels left

rFire   . . .        q - +8 rapier "Ciufues" {heavy, Int+7}
rCold   . . .        (no shield)
rNeg    . . .        b - +0 leather armour
rPois   .            (no helmet)
rElec   .            (no cloak)
rCorr   .            (no gloves)
SInv    .            (no boots)
Will    .....        (no amulet)
Stlth   ++           (no ring)
HPRegen 0.27/turn    (no ring)
MPRegen 0.10/turn

%: no passive effects
@: lethally poisoned (-1 -> -11)
A: no striking features
a: no special abilities


You were on level 4 of the Dungeon.
You visited 1 branch of the dungeon, and saw 4 of its levels.

You collected 175 gold pieces.

Inventory:

Hand Weapons
 a - a +0 club
 m - a +2 dagger of holy wrath
 n - a +1 rapier of venom
 q - the +8 rapier "Ciufues" (weapon) {heavy, Int+7}
   (You found it on level 2 of the Dungeon)

   Int:       It affects your intelligence (+7).
Missiles
 k - 6 poisoned darts
Armour
 b - a +0 leather armour (worn)
Jewellery
 z - a ring of magical power
Wands
 c - a wand of flame (11) (quivered)
 d - a wand of charming (14)
 e - a wand of iceblast (4)
 x - a wand of digging (5)
 y - a wand of paralysis (3)
Scrolls
 f - 2 scrolls of immolation {unknown}
 g - 3 scrolls of teleportation {unknown}
 j - 2 scrolls of identify {unknown}
 l - a scroll of magic mapping {unknown}
 r - a scroll of noise {unknown}
 u - a scroll of fear {unknown}
 w - a scroll of amnesia {unknown}
 A - a scroll of blinking {unknown}
Potions
 h - a potion of might {unknown}
 i - a potion of cancellation {unknown}
 o - 2 potions of degeneration {unknown}
 p - a potion of attraction {unknown}
 s - 3 potions of haste {unknown}
 t - a potion of heal wounds {unknown}
 v - a potion of lignification {unknown}


   Skills:
 + Level 2.5 Fighting
 + Level 2.1 Short Blades
 - Level 0.7 Maces & Flails
 - Level 2.0 Armour
 + Level 3.0 Dodging
 + Level 2.1 Stealth
 + Level 4.1 Evocations


You had 5 spell levels left.
You didn't know any spells.
Your spell library contained the following spells:

 Spells                   Type           Power      Damage    Failure   Level
 Call Canine Familiar     Summ           0%         N/A       56%         3
 Inner Flame              Hex/Fire       0%         N/A       56%         3
 Passage of Golubria      Tloc           0%         N/A       92%         4
 Silence                  Hex/Air        0%         N/A       99%         5
 Malign Gateway           Summ/Tloc      0%         N/A       100%        7
 Summon Hydra             Summ           0%         N/A       100%        7
 Lehudib's Crystal Spear  Conj/Erth      0%         10d2      100%        8


Dungeon Overview and Level Annotations

Branches:
Dungeon (4/15)             Temple (0/1) D:4

Altars:

Shops:
D:2 (??


Message History

The adder closely misses you.
The giant cockroach completely misses you.
An adder comes into view.
The adder bites you.
You closely miss the adder.
The adder is heavily wounded.
The giant cockroach bites you. The adder misses you.
The giant cockroach closely misses you. The adder bites you.
You barely miss the adder.
The adder is heavily wounded.
The giant cockroach barely misses you. The adder bites you.
The giant cockroach bites you but does no damage.
The adder bites you. The giant cockroach bites you.
You barely miss the adder.
The adder is heavily wounded.
The adder closely misses you. The giant cockroach misses you.
The adder bites you.
* * * LOW HITPOINT WARNING * * *
You are poisoned.
The adder poisons you!
You barely miss the adder.
The adder is heavily wounded.
You feel very sick.
The giant cockroach bites you but does no damage.
The adder misses you. The giant cockroach barely misses you.
The adder bites you.
* * * LOW HITPOINT WARNING * * *
You are more poisoned.
The adder poisons you!
You closely miss the adder.
The adder is heavily wounded.
* * * LOW HITPOINT WARNING * * *
You feel very sick. The giant cockroach closely misses you.
The adder bites you.
* * * LOW HITPOINT WARNING * * *
You are more poisoned.
The adder poisons you! The giant cockroach bites you.
* * * LOW HITPOINT WARNING * * *
The adder bites you.
You die...

≈≈≈≈≈≈≈≈≈≈.....###
≈≈≈≈≈≈≈≈≈≈≈....#
≈≈...≈≈≈≈≈≈....###.
≈≈.>.≈≈≈≈≈≈........
≈≈...~≈≈≈≈≈......$.
≈≈≈≈≈≈~≈≈≈....####.
≈≈≈≈≈~≈≈..........
.≈≈≈≈≈........#.##
.......S@.........
.#...##.B.#.....##.
.... #...#...###
.#. #...#..... ..
........### .
...$.....B ######..
..


You could see an adder and a giant cockroach.

Vanquished Creatures
  A phantom (D:4)
  A jelly (D:2)
  2 orc wizards (D:4)
  3 adders (D:3)
  2 worms
  2 dart slugs (D:1)
  3 orcs (D:4)
  5 bats
  3 endoplasms
  A giant cockroach (D:1)
  4 goblins
  3 hobgoblins
  9 jackals
  3 kobolds
  3 quokkas
  2 ball pythons (D:2)
  6 frilled lizards
  2 rats (D:2)
55 creatures vanquished.

Vanquished Creatures (others)
  A jackal (D:1)
1 creature vanquished.

Grand Total: 56 creatures vanquished

Notes
Turn   | Place    | Note
-------+----------+-------------------------------------------
     0 | D:1      | H0rd4k the Human Artificer began the quest for the Orb.
     0 | D:1      | Reached XP level 1. HP: 15/15 MP: 1/1
    50 | D:1      | Reached XP level 2. HP: 9/21 MP: 2/2
   312 | D:1      | Reached XP level 3. HP: 10/26 MP: 3/3
   476 | D:1      | Got the Discourse on the Kindled Gathering
   927 | D:2      | Found Vayklox's Magic Scroll Shop.
   928 | D:2      | Found a faded altar of an unknown god.
   961 | D:2      | Identified the +8 rapier "Ciufues" {heavy, Int+7}
   970 | D:2      | Reached skill level 4 in Evocations
   970 | D:2      | Reached XP level 4. HP: 30/32 MP: 4/4
   987 | D:2      | Found Nuax's Weapon Shop.
  1401 | D:2      | Found Fokhasol's Magic Scroll Shoppe.
  1637 | D:3      | Reached XP level 5. HP: 38/38 MP: 5/5
  1719 | D:4      | Reached skill level 1 in Short Blades
  1770 | D:4      | Noticed a phantom
  1782 | D:4      | Killed a phantom
  1783 | D:4      | Reached XP level 6. HP: 27/46 MP: 6/6
  1867 | D:4      | Found a staircase to the Ecumenical Temple.
  1893 | D:4      | HP: 2/46 [giant cockroach (1)]
  1893 | D:4      | Slain by an adder

Illustrated notes

Levels and vault maps discovered:
D:1:      ncdulo_halloftheorcs, layout_rooms
D:2:      layout_basic, serial_bayou, serial_bayou_shore_b, serial_bayou_ford_a,
          serial_bayou_crossing, serial_bayou_shore_a,
          ebering_ecumenical_altar_sacrificial, serial_shops,
          nicolae_shop_tiny_real_fake_doors, shop, nicolae_shop_trees
D:3:      layout_basic, nicolae_nh_oracle_at_delphi
D:4:      layout_basic, mainiacjoe_overflow_alcove_4, temple_pool_b,
          gammafunk_ghost_nasty_kobolds, minmay_misc_feat_plants

Skill      XL: |  1  2  3  4  5  6 |
---------------+-------------------+-----
Evocations     | 4 |  4.1
Fighting       | 2 |  2.5
Dodging        | 2 3 |  3.0
Short Blades   | 1 2 |  2.1
Stealth        | 2 |  2.1
Maces & Flails | |  0.7
Armour         | |  2.0

Action                     |  1- 3 |  4- 6 || total
---------------------------+-------+-------++-------
  Melee: Club              |    73 |       ||    73
         Rapier            |    14 |    68 ||    82
  Evoke: Wand              |     5 |     1 ||     6
   Stab: Sleeping          |     1 |     3 ||     4
         Distracted        |     1 |       ||     1
 Armour: Leather armour    |    39 |    17 ||    56
  Dodge: Dodged            |    84 |    61 ||   145
